 Dungeon Crawl Stone Soup version 0.26-a0-639-g72c4674329 (webtiles) character file.

Game seed: 13796285086084809688

5294 Borgoz the Fighter (level 10, -9/65 HPs)
             Began as a Gargoyle Gladiator on Sept 17, 2020.
             Was a Follower of Makhleb.
             Mangled by a two-headed ogre
             ... wielding a +0 dire flail
              (10 damage)
             ... on level 8 of the Dungeon.
             The game lasted 00:12:21 (8969 turns).

Borgoz the Fighter (Gargoyle Gladiator)             Turns: 8969, Time: 00:12:21

Health: -9/65      AC: 23    Str: 20    XL:     10   Next: 63%
Magic:  10/10      EV: 13    Int:  8    God:    Makhleb [*.....]
Gold:   458        SH:  0    Dex: 13    Spells: 9/9 levels left

rFire    . . .     SeeInvis .   a - +0 quarterstaff
rCold    . . .     Faith    .   (shield currently unavailable)
rNeg     + . .     Spirit   .   q - +2 scale mail {rPois}
rPois    ∞         Reflect  .   s - +2 helmet
rElec    +         Harm     .   (no cloak)
rCorr    .         Rampage  .   l - +0 pair of gloves
MR       .....                  A - +0 pair of boots
Stlth    ..........             (no amulet)
HPRegen  0.20/turn              (no ring)
MPRegen  0.12/turn              (no ring)

@: confused
A: negative energy resistance 1, electricity resistance, unbreathing,
petrification resistance, rot immunity, AC +7
a: Renounce Religion


You were on level 8 of the Dungeon.
You worshipped Makhleb.
Makhleb was aware of your devotion.
You visited 2 branches of the dungeon, and saw 9 of its levels.

You collected 458 gold pieces.

Inventory:

Hand Weapons
 a - a +0 quarterstaff (weapon)
 u - the cursed +0 dagger of Fear {elec, rN++ MR+ Int-2, unknown}
   (You found it on level 4 of the Dungeon)

   Occasionally, upon striking a foe, it will discharge some electrical energy
   and cause terrible harm.
   It affects your intelligence (-2).
   It greatly protects you from negative energy.
   It affects your resistance to hostile enchantments.
   It has a curse placed upon it.
Armour
 l - a +0 pair of gloves (worn)
 q - a +2 scale mail of poison resistance (worn)
 s - a +2 helmet (worn)
 A - a +0 pair of boots (worn)
Wands
 n - a wand of flame (4)
 t - a wand of paralysis (8)
 x - a wand of digging (2)
Scrolls
 d - a scroll of fog {unknown}
 e - a scroll of amnesia
 j - 2 scrolls of enchant weapon {unknown}
 k - 5 scrolls of remove curse
 m - 2 scrolls of teleportation
 w - a scroll of summoning {unknown}
 y - a scroll of vulnerability {unknown}
Potions
 b - a potion of heal wounds
 c - 3 potions of cancellation {unknown}
 g - 4 potions of curing {unknown}
 h - 2 potions of brilliance {unknown}
 i - 3 potions of stabbing
 o - a potion of mutation
 p - a potion of flight
 z - a potion of resistance


   Skills:
 + Level 8.7 Fighting
 + Level 8.4 Staves
 - Level 1.7 Throwing
 + Level 8.3 Armour
 + Level 7.0 Dodging


You had 9 spell levels left.
You didn't know any spells.
Your spell library contained the following spells:

 Spells                   Type           Power        Failure   Level
 Animate Skeleton         Necr           #.....       71%         1
 Apportation              Tloc           #.....       71%         1
 Corona                   Hex            #......      71%         1
 Summon Small Mammal      Summ           #...         71%         1
 Confusing Touch          Hex            #.......     97%         3
 Gell's Gravitas          Tloc           #.........   97%         3
 Petrify                  Tmut/Erth      #.......     100%        4
 Metabolic Englaciation   Hex/Ice        #.........   100%        5
 Yara's Violent Unravell  Hex/Tmut       #.........   100%        5


Dungeon Overview and Level Annotations

Branches:
Dungeon (8/15)             Temple (1/1) D:7
   Lair: D:8-11

Altars:
Ashenzari
Cheibriados
Dithmenos
Elyvilon
Fedhas
Gozag
Hepliaklqana
Kikubaaqudgha
Makhleb
Nemelex Xobeh
Okawaru
Qazlal
Ru
Sif Muna
Trog
Uskayaw
Vehumet
Wu Jian
Xom
Yredelemnul
Zin
The Shining One

Shops:
D:6 ![*[


Innate Abilities, Weirdness & Mutations

You are resistant to torment.
Your stone body is resilient. (AC +7)
You are immune to poison.
You resist negative energy. (rN+)
You are resistant to electric shocks. (rElec)
You can survive without breathing.
You are immune to petrification.
You are immune to rotting.


Message History

You sock the two-headed ogre!
The two-headed ogre is heavily wounded.
The two-headed ogre hits you but does no damage.
The two-headed ogre misses you.
You sock the two-headed ogre!
The two-headed ogre is severely wounded.
The two-headed ogre completely misses you.
The two-headed ogre hits you with a +0 giant club!
You are confused.
You feel invigorated.
The two-headed ogre hits you but does no damage.
The two-headed ogre hits you with a +0 giant club!!
* * * LOW HITPOINT WARNING * * *
You hit the two-headed ogre.
The two-headed ogre is severely wounded.
You bump into the rock wall.
The two-headed ogre hits you with a +0 dire flail!
* * * LOW HITPOINT WARNING * * *
The two-headed ogre hits you with a +0 giant club!
You die...

####.......... ##
##....[........ #.
#..............
#.###.#...#........
##..................
#####...###.####........
.......[.##.# #........
............# #........
......O@....# #........
......#####.# .........
..... #.# #######.. ....
#.. #.. ... ##.. #... ..
#. #.... # .# #.#..
#.#.. ..#..


You could see a two-headed ogre.

Vanquished Creatures
  2 two-headed ogres (D:7)
  Grinder (D:3)
  Eustachio (D:6)
  Grum (D:8)
  Menkaure (D:6)
  Edmund (D:6)
  A water moccasin (D:6)
  An orc warrior (D:7)
  4 ice beasts
  A sky beast (D:7)
  2 phantoms
  2 centaurs
  4 wolves
  4 ogres
  A crocodile (D:7)
  A big kobold (D:6)
  3 bullfrogs
  A wyvern skeleton (D:7)
  2 scorpions (D:4)
  4 howler monkeys
  2 orc priests
  4 hounds
  A jelly (D:8)
  2 bullfrog skeletons (D:5)
  10 orc wizards
  A centaur skeleton (D:6)
  Terence (D:2)
  An iguana (D:7)
  5 worker ants
  2 howler monkey zombies
  Robin (D:3)
  7 adders
  3 shadow imps
  2 white imps
  An ufetubus (D:6)
  An ooze (D:3)
  An adder zombie (D:7)
  5 worms
  An adder skeleton (D:5)
  5 leopard geckos
  30 orcs
  3 ball pythons
  11 bats
  5 giant cockroaches
  13 goblins
  6 hobgoblins
  11 jackals
  14 kobolds
  2 quokkas
  5 frilled lizards
  A jackal skeleton (D:8)
  A jackal zombie (D:8)
  A leopard gecko skeleton (D:8)
  A leopard gecko zombie (D:6)
  A quokka skeleton (D:6)
  10 rats
  2 bushes (D:6)
211 creatures vanquished.

Vanquished Creatures (others)
  7 plants
7 creatures vanquished.

Grand Total: 218 creatures vanquished

Notes
Turn   | Place    | Note
-------+----------+-------------------------------------------
     0 | D:1      | Borgoz the Gargoyle Gladiator began the quest for the Orb.
     0 | D:1      | Reached XP level 1. HP: 12/12 MP: 1/1
   137 | D:1      | Reached XP level 2. HP: 18/18 MP: 2/2
   507 | D:1      | Reached skill level 1 in Armour
   821 | D:1      | Reached XP level 3. HP: 22/22 MP: 3/3
  1510 | D:2      | Noticed Terence
  1528 | D:2      | Killed Terence
  1528 | D:2      | Reached XP level 4. HP: 28/28 MP: 4/4
  2265 | D:3      | Noticed Robin
  2364 | D:2      | Reached XP level 5. HP: 24/32 MP: 5/5
  2696 | D:3      | Killed Robin
  2723 | D:3      | Noticed Grinder
  2727 | D:3      | Paralysed by Grinder for 3 turns
  2746 | D:3      | Paralysed by Grinder for 3 turns
  2763 | D:3      | Killed Grinder
  2763 | D:3      | Reached XP level 6. HP: 17/38 MP: 6/6
  3460 | D:4      | Reached XP level 7. HP: 40/43 MP: 7/7
  3928 | D:4      | Reached skill level 5 in Staves
  4155 | D:4      | Got an ancient dagger
  4236 | D:5      | Entered Level 5 of the Dungeon
  4352 | D:4      | Reached skill level 5 in Fighting
  4460 | D:4      | Reached XP level 8. HP: 44/49 MP: 8/8
  5553 | D:6      | Reached skill level 5 in Armour
  5583 | D:6      | Found Olyfuire's Armour Shoppe.
  5595 | D:6      | Found Caiv's General Store.
  5796 | D:6      | Noticed Edmund
  5806 | D:6      | Reached skill level 5 in Dodging
  5827 | D:6      | Killed Edmund
  6028 | D:6      | Reached XP level 9. HP: 49/56 MP: 9/9
  6084 | D:6      | Found Lonom's Antique Armour Boutique.
  6323 | D:6      | Noticed Eustachio
  6366 | D:6      | Killed Eustachio
  6460 | D:5      | Found a hide-covered altar of Uskayaw.
  6586 | D:6      | Noticed Menkaure
  6596 | D:6      | Killed Menkaure
  6976 | D:6      | Found Duekaako's Distillery.
  7101 | D:7      | Noticed a two-headed ogre
  7117 | D:7      | Killed a two-headed ogre
  7162 | D:7      | Noticed a two-headed ogre
  7179 | D:7      | Killed a two-headed ogre
  7179 | D:7      | Reached XP level 10. HP: 38/64 MP: 10/10
  7607 | D:7      | Found a staircase to the Ecumenical Temple.
  7616 | Temple   | Entered the Ecumenical Temple
  7917 | Temple   | Became a worshipper of Makhleb the Destroyer
  8324 | D:8      | Noticed Grum
  8683 | D:8      | Reached * piety under Makhleb
  8754 | D:8      | Killed Grum
  8957 | D:8      | Noticed a two-headed ogre
  8969 | D:8      | HP: 1/65 [two-headed ogre/+0 dire flail (10)]
  8969 | D:8      | Mangled by a two-headed ogre

Illustrated notes

Levels and vault maps discovered:
D:1:      scummos_arrival_star, layout_loops_corners, serial_forest,
          infiniplex_forest_clump_small, infiniplex_forest_clump_diagonal,
          infiniplex_forest_clump_large, infiniplex_forest_end_2,
          infiniplex_forest_lined_2, infiniplex_forest_zigzag_1,
          infiniplex_forest_zigzag_1, infiniplex_forest_clump_long
D:2:      layout_loops_ring, hex_medium, minmay_misc_feat_four_crosses,
          uniq_terence
D:3:      layout_loops_cross, uniq_grinder, uniq_robin
D:4:      minmay_wonky_spiral, layout_basic, st_stairs_9
D:5:      layout_basic, nicolae_overflow_hidden_temple
D:6:      layout_cave_pods, serial_shops, shop, shop, shop_statue,
          nicolae_shop_crystal, lexackson_kobold_supper, uniq_eustachio,
          uniq_menkaure, uniq_edmund
D:7:      layout_rooms, minmay_temple_entry_junction_2,
          minmay_fractal_squares_diagonal_5
D:8:      layout_rooms, uniq_maggie, uniq_grum
Temple:   regret_index_temple_sigil_plot

Skill      XL: |  1  2  3  4  5  6  7  8  9 10 |
---------------+-------------------------------+-----
Armour         | 1 2 3 4 5 7 8 |  8.3
Fighting       | 3 4 5 6 8 |  8.7
Dodging        | 3 4 5 6 7 |  7.0
Staves         | 4 5 6 7 8 |  8.4
Throwing       | |  1.7

Action                   |  1- 3 |  4- 6 |  7- 9 | 10-12 || total
-------------------------+-------+-------+-------+-------++-------
Melee: Quarterstaff      |   113 |   189 |   569 |   214 ||  1085
Throw: Throwing net      |     1 |     2 |     3 |     1 ||     7
Evoke: Wand              |       |       |     2 |       ||     2
  Use: Scroll            |       |     5 |     6 |     4 ||    15
       Potion            |       |       |       |     3 ||     3
 Stab: Distracted        |       |       |     1 |       ||     1
       Held in net/web   |       |       |     4 |     1 ||     5
Armor: Leather armour    |    38 |       |       |       ||    38
       Ring mail         |       |    98 |    10 |       ||   108
       Scale mail        |       |       |   242 |   213 ||   455
Dodge: Dodged            |    79 |   168 |   331 |   229 ||   807

Table legend: (Time is in decaauts)
 A = Elapsed time spent in this place.
 B = Non-inter-level travel time spent in this place.
 C = Inter-level travel time spent in this place.
 D = Time resting spent in this place.
 E = Time spent auto-exploring this place.
 F = Levels seen in this place.
 G = Mean time per level.
                   A        B        C        D        E       F      G
               +--------+--------+--------+--------+--------+-----+--------+
         Total |   8991 |   8571 |    420 |   2021 |   4679 |   9 |  999.0 |
       Dungeon |   8665 |   8294 |    371 |   2021 |   4404 |   8 | 1083.1 |
        Temple |    326 |    277 |     49 |      0 |    275 |   1 |  326.0 |
               +--------+--------+--------+--------+--------+-----+--------+

Top non-repeatable levels by time:
     D:6: 1450 daAuts
     D:4: 1414 daAuts
     D:7: 1234 daAuts
     D:2: 1226 daAuts
     D:3: 1150 daAuts
     D:1: 1078 daAuts
     D:5: 735 daAuts
     D:8: 373 daAuts
  Temple: 326 daAuts
